 Dungeon Crawl Stone Soup version 0.16.1-17-g773cdaf (webtiles) character file.

59 Rester5115 the Shooter (level 3, -1/24 HPs)
             Began as a High Elf Hunter on Apr 22, 2015.
             Was an Initiate of Dithmenos.
             Slain by a goblin (3 damage)
             ... on level 1 of the Dungeon.
             The game lasted 00:09:36 (2692 turns).

Rester5115 the Shooter (High Elf Hunter)            Turns: 2692, Time: 00:09:36

Health: -1/24      AC:  4    Str: 11    XL:     3   Next: 78%
Magic:  5/5        EV: 13    Int: 15    God:    Dithmenos [......]
Gold:   133        SH:  0    Dex: 19    Spells: 0 memorised, 2 levels left

rFire  . . .     SeeInvis .     b - +1 shortbow
rCold  . . .     Clarity  .     d - +0 leather armour
rNeg   . . .     SustAb   .     (no shield)
rPois  .         Gourm    .     (no helmet)
rElec  .         Spirit   .     (no cloak)
rCorr  .         Warding  .     g - +0 pair of gloves
rMut   .         Stasis   .     (no boots)
MR     .....                    (no amulet)
Stlth  ++........               (no ring)
                                t - +3 ring of dexterity

@: not resistant to hostile enchantments, unstealthy
A: no striking features
a: Renounce Religion


You were on level 1 of the Dungeon.
You worshipped Dithmenos.
Dithmenos was noncommittal.
You were hungry.

You visited 1 branch of the dungeon, and saw 3 of its levels.

You collected 133 gold pieces.

Inventory:

Hand weapons
 a - a +0 short sword
 b - a +1 shortbow (weapon)
Missiles
 c - 32 arrows (quivered)
Armour
 d - a +0 leather armour (worn)
 g - a +0 pair of gloves (worn)
Jewellery
 t - a +3 ring of dexterity (left hand)
Scrolls
 e - 2 scrolls of recharging {unknown}
 h - a scroll of enchant armour {unknown}
 k - a scroll of teleportation {unknown}
 n - 3 scrolls of enchant weapon {unknown}
 o - a scroll of amnesia {unknown}
 p - a scroll of remove curse {unknown}
 s - a scroll of noise {unknown}
Potions
 i - a potion of flight {unknown}
 j - a potion of curing {unknown}
 m - a potion of agility {unknown}
 q - 2 potions of haste {unknown}
 r - a potion of heal wounds {unknown}
Comestibles
 f - a slice of pizza
 l - 3 meat rations


   Skills:
 + Level 2.1 Fighting
 + Level 6.9 Bows
 + Level 2.5 Dodging
 + Level 1.3 Stealth


You had 2 spell levels left.
You didn't know any spells.

Dungeon Overview and Level Annotations

Branches:
Dungeon (3/15)

Altars:
Dithmenos
Vehumet


Message History

The goblin closely misses you. The goblin hits you.
* * * LOW HITPOINT WARNING * * *
The goblin hits you.
* * * LOW HITPOINT WARNING * * *
The goblin hits you.
* * * LOW HITPOINT WARNING * * *
The goblin misses you. The goblin completely misses you.
The goblin closely misses you. The goblin closely misses you.
The goblin hits you.
* * * LOW HITPOINT WARNING * * *
The goblin closely misses you. The goblin barely misses you.
The goblin hits you but does no damage. The goblin completely misses you.
The goblin hits you but does no damage. The goblin hits you.
You die...

........# ##'##
#<#.## ###.#####
#.# ####.#.# #.#
#.# ##.#.#.##
#.# ##.#
#.#.#### #.#
##..# ##.#.####
#.# #...#
####.#.##
#.######## ##..#
##.#.#
#........# ##g#
##.#.##
#......#.#####@#
####.####
##.###.........#
##.#.##
#.#####.#####.#
#.#.##
##.......## #.#
##.#.##
#.........# #.#
####.##
#.######..# #.#
##.####
#.######..# #)#
##.#.##
#.#.......# #.#
##.#.#
#†#.#.....####.#
##.#.##


You could see a goblin.

Vanquished Creatures
  3 adders (D:2)
  A giant gecko (D:2)
  An ooze (D:1)
  2 giant cockroaches
  3 goblins (D:1)
  6 hobgoblins
  A kobold (D:2)
  A quokka (D:2)
  5 bats (D:1)
  2 giant newts (D:2)
  3 jackals (D:1)
  3 rats
31 creatures vanquished.

Notes
Turn   | Place    | Note
--------------------------------------------------------------
     0 | D:1      | Rester5115, the High Elf Hunter, began the quest for the Orb.
     0 | D:1      | Reached XP level 1. HP: 14/14 MP: 2/2
   277 | D:1      | Reached XP level 2. HP: 19/19 MP: 3/3
   641 | D:1      | Reached skill level 6 in Bows
  1143 | D:2      | Reached XP level 3. HP: 13/24 MP: 5/5
  1596 | D:2      | Found a shadowy altar of Dithmenos.
  1610 | D:2      | Became a worshipper of Dithmenos the Shadowed
  1636 | D:2      | Found a radiant altar of Vehumet.
  2686 | D:1      | HP: 1/24 [goblin (1)]
  2692 | D:1      | Slain by a goblin

Action                   || total
-------------------------++-------
Melee: Short sword       ||    25
 Fire: Shortbow          ||    64
  Eat: Bread ration      ||     1
